 Dungeon Crawl Stone Soup version 0.31.0-32-g396128a36d (webtiles) character file.

Game seed: 15167144879981175494

214 cdecastro the Trooper (level 5, -2/36 (47) HPs)
             Began as an Armataur Warper on Mar 28, 2024.
             Slain by a wight
             ... wielding a +0 scimitar
              (7 damage)
             ... on level 4 of the Dungeon.
             The game lasted 00:03:53 (2950 turns).

cdecastro the Trooper (Armataur Warper)             Turns: 2950, Time: 00:03:54

HP:   -2/36 (47)    AC:  8    Str: 17    XL:     5   Next: 60%
MP:   16/16         EV:  7    Int: 15    God:
Gold: 214           SH:  0    Dex:  9    Spells: 0/7 levels left

rFire   . . .        j - +3 sling
rCold   . . .        (no shield)
rNeg    . . .        h - +0 scale mail
rPois   .            n - +0 helmet
rElec   .            i - +0 cloak
rCorr   .            (no gloves)
SInv    .            (no barding)
Will    .....        (no amulet) Stlth
                     q - ring of magical power
HPRegen 0.26/turn    (no ring)
MPRegen 0.15/turn

%: roll
@: heavily drained
A: large, deformed body, tough skin 3, armoured tail, roll 1
a: no special abilities


You were on level 4 of the Dungeon.
You visited 1 branch of the dungeon, and saw 4 of its levels.

You collected 214 gold pieces.

Inventory:

Hand Weapons
 a - a +0 mace
 j - a +3 sling (weapon)
Missiles
 d - 7 darts of dispersal
 l - 7 boomerangs
 p - 2 poisoned darts
Armour
 h - a +0 scale mail (worn)
 i - a +0 cloak (worn)
 n - a +0 helmet (worn)
Jewellery
 m - a ring of fire
 q - a ring of magical power (left hand)
Wands
 o - a wand of paralysis (10)
Scrolls
 c - a scroll of blinking
 f - a scroll of vulnerability {unknown}
 k - 4 scrolls of identify {unknown}
 s - 2 scrolls of noise {unknown}
Potions
 b - a potion of enlightenment {unknown}
 e - 3 potions of degeneration {unknown}
 g - 2 potions of resistance {unknown}
 r - a potion of berserk rage {unknown}
 t - a potion of attraction {unknown}


   Skills:
 * Level 4.5 Fighting
 - Level 1.7 Maces & Flails
 - Level 0.8 Throwing
 - Level 1.2 Armour
 - Level 1.3 Dodging
 - Level 1.7 Spellcasting
 + Level 4.4 Translocations


You couldn't memorise any spells.
You knew the following spells:

 Your Spells              Type           Power      Damage    Failure   Level
a - Blink                 Tloc           28%        N/A       19%         2
b - Lesser Beckoning      Tloc           28%        N/A       19%         2
c - Teleport Other        Tloc           14%        N/A       36%         3

Your spell library contained the following spells:

 Spells                   Type           Power      Damage    Failure   Level
 Freeze                   Ice            4%         1d3       61%         1
 Ensorcelled Hibernation  Hex/Ice        2%         N/A       75%         2
 Mercury Vapours          Alch/Air       2%         N/A       75%         2
 Manifold Assault         Tloc           14%        N/A       77%         4
 Frozen Ramparts          Ice            2%         1d1       93%         3
 Hailstorm                Conj/Ice       1%         3d5       93%         3
 Passwall                 Erth           1%         N/A       93%         3
 Swiftness                Air            1%         N/A       93%         3
 Tukima's Dance           Hex            1%         N/A       93%         3
 Dimensional Bullseye     Hex/Tloc       3%         N/A       97%         4
 Iskenderun's Mystic Bla  Conj/Tloc      7%         2d4       97%         4
 Vhi's Electric Charge    Tloc/Air       14%        N/A       97%         4
 Maxwell's Capacitive Co  Air            0%         ∞         100%        8


Dungeon Overview and Level Annotations

Branches:
Dungeon (4/15)
 Temple: D:4-7

Altars:


Innate Abilities, Weirdness & Mutations

Armour fits poorly on your strangely shaped body.
You have extremely tough skin. (AC +3)
You have a long armoured tail.
You regenerate magic when rolling toward enemies. (Rampage MPRegen)


Message History

Aim: a wight, wielding a +3 halberd and wearing a +0 robe (heavily damaged, 57% to hit)
You shoot a sling bullet.
The sling bullet hits the wight but does no damage.
The wight is severely damaged.
Fire: j) +3 sling
Press: ? - help, Shift-Dir - straight line, f/p - wight
Aim: a wight, wielding a +3 halberd and wearing a +0 robe (heavily damaged, 57% to hit)
You shoot a sling bullet.
The sling bullet hits the wight but does no damage.
The wight is severely damaged.
The wight is no longer paralysed.
Fire: j) +3 sling
Press: ? - help, Shift-Dir - straight line, f/p - wight
Aim: a wight, wielding a +3 halberd and wearing a +0 robe (heavily damaged, 57% to hit)
You shoot a sling bullet.
The sling bullet closely misses the wight.
The sling bullet hits the wight.
The wight is severely damaged.
The wight closely misses you. The wight barely misses you.
Fire: j) +3 sling
Press: ? - help, Shift-Dir - straight line, f/p - wight
Aim: a wight, wielding a +3 halberd and wearing a +0 robe (severely damaged, 57% to hit)
You shoot a sling bullet. The sling bullet hits the wight.
The wight is almost destroyed.
The wight closely misses you. The wight hits you with a +0 scimitar!
* * * LOW HITPOINT WARNING * * *
You feel drained.
Unknown command.
Fire: j) +3 sling
Press: ? - help, Shift-Dir - straight line, f/p - wight
Aim: a wight, wielding a +3 halberd and wearing a +0 robe (almost destroyed, 57% to hit)
You shoot a sling bullet.
The sling bullet barely misses the wight.
The sling bullet hits the wight but does no damage.
The wight hits you from afar with a +3 halberd!
* * * LOW HITPOINT WARNING * * *
You feel drained.
* * * LOW HITPOINT WARNING * * *
The wight barely misses you. The wight hits you with a +0 scimitar!
You die...

## 8...8#######.#.##.#.## ..
.....##........##.#... ..
.....>#..[....[...#.## ..
.....##.####...##.#.#. ..###
8...8##.# #.....#.#.#. ....##
##8# #.###..#..#.#.#. #.#.z#####
# ###.(.......#+#...
#.##.....#######z####............
#z#...##.....zz.@# #.[..........
#.#.#####...###### ##.#......)...
#z#. ##..## #....#.#...... #z#.
#....# #............. #.#. #....#
#...######.### #. +....#
#........#.### #. #....#
##...##.......# #....##
##..####.#.#...# ######..####..##
#.#.#...#


You could see 3 wights.

Vanquished Creatures
  A bombardier beetle (D:3)
  3 hounds
  An adder (D:2)
  A ribbon worm (D:2)
  A dart slug (D:2)
  2 orcs (D:4)
  5 ball pythons
  An endoplasm (D:1)
  5 giant cockroaches
  11 goblins
  5 hobgoblins
  10 jackals
  2 quokkas
  3 bats (D:1)
  A frilled lizard (D:1)
  7 kobolds
  7 rats
66 creatures vanquished.

Notes
Turn   | Place    | Note
-------+----------+-------------------------------------------
     0 | D:1      | cdecastro the Armataur Warper began the quest for the Orb.
     0 | D:1      | Reached XP level 1. HP: 17/17 MP: 3/3
   163 | D:1      | Reached XP level 2. HP: 24/24 MP: 4/4
   615 | D:1      | Reached XP level 3. HP: 24/30 MP: 5/5
  1464 | D:2      | Reached XP level 4. HP: 35/38 MP: 6/6
  2053 | D:3      | Reached XP level 5. HP: 27/46 MP: 7/7
  2056 | D:3      | Learned a level 2 spell: Blink
  2059 | D:3      | Learned a level 2 spell: Lesser Beckoning
  2063 | D:3      | Learned a level 3 spell: Teleport Other
  2214 | D:3      | Got the Incunabulum of the Glacier and Inhalation
  2950 | D:4      | Slain by a wight

Illustrated notes

Levels and vault maps discovered:
D:1:      dpeg_arrival_arbitrary_b, layout_basic, serial_forest,
          infiniplex_forest_clump_C, infiniplex_forest_clump_tiny,
          infiniplex_forest_lined_room_2, infiniplex_forest_clump_long,
          infiniplex_forest_straight_3, infiniplex_forest_clump_C,
          infiniplex_forest_corner_1, infiniplex_forest_clump_curved
D:2:      layout_loops_ring
D:3:      layout_loops_ring, minmay_misc_feat_doors
D:4:      layout_basic, mainiacjoe_overflow_surrounded_room,
          nicolae_overflow_hidden_temple, uniq_sigmund

Skill      XL: |  1  2  3  4 |
---------------+-------------+-----
Fighting       | 2 3 4 |  4.5
Translocations | 4 |  4.4
Maces & Flails | |  1.7
Throwing       | |  0.8
Armour         | |  1.2
Dodging        | |  1.3
Spellcasting   | |  1.7

Action                     |  1- 3 |  4- 6 || total
---------------------------+-------+-------++-------
  Melee: Mace              |    75 |       ||    75
         Tailslap          |    10 |       ||    10
         Punch             |     1 |       ||     1
   Fire: Sling             |    83 |   106 ||   189
  Evoke: Wand              |       |     2 ||     2
 Armour: Leather armour    |    33 |       ||    33
         Scale mail        |   121 |   106 ||   227
  Dodge: Dodged            |    88 |    45 ||   133
